 Dungeon Crawl Stone Soup version 0.21.1-1-g345015f (webtiles) character file.

44 goulibeur the Unweaver (level 3, 0/29 HPs)
             Began as a Demonspawn Abyssal Knight on June 8, 2018.
             Was a Follower of Lugonu.
             Slain by a kobold (4 damage)
             ... on level 2 of the Dungeon.
             The game lasted 00:04:37 (801 turns).

goulibeur the Unweaver (Demonspawn Abyssal Knight)   Turns: 801, Time: 00:04:37

Health: 0/29       AC:  8    Str: 12    XL:     3   Next: 39%
Magic:  5/5        EV: 10    Int: 13    God:    Lugonu [*.....]
Gold:   51         SH:  3    Dex: 13    Spells: 2/2 levels left

rFire    . . .     SeeInvis .   a - +1 short sword
rCold    . . .     Gourm    .   j - +0 buckler
rNeg     . . .     Faith    .   i - +0 ring mail
rPois    .         Spirit   .   (helmet restricted)
rElec    .         Reflect  .   (no cloak)
rCorr    .         Harm     .   (no gloves)
MR       .....                  f - +2 pair of boots
Stlth    +.........             (no amulet)
HPRegen  0.09/turn              (no ring)
MPRegen  0.09/turn              (no ring)

@: no status effects
A: antennae 1, powered by death 1
a: Depart the Abyss, Renounce Religion


You were on level 2 of the Dungeon.
You worshipped Lugonu.
Lugonu was aware of your devotion.
You were not hungry.

You visited 1 branch of the dungeon, and saw 2 of its levels.
You visited the Abyss 1 time.

You collected 51 gold pieces.

Inventory:

Hand Weapons
 a - a +1 short sword (weapon)
Armour
 f - a +2 pair of boots (worn)
 i - a +0 ring mail (worn)
 j - a +0 buckler (worn)
Jewellery
 k - an uncursed ring of wizardry {unknown}
 l - an uncursed ring of ice {unknown}
Scrolls
 b - a scroll of blinking {unknown}
 d - a scroll of enchant armour {unknown}
 e - 2 scrolls of identify {unknown}
 h - a scroll of fear {unknown}
 m - a scroll of teleportation {unknown}
Comestibles
 c - 4 rations
 g - a chunk of flesh


   Skills:
 + Level 3.3 Fighting
 - Level 1.7 Short Blades
 + Level 2.2 Armour
 + Level 1.4 Dodging
 * Level 3.7 Invocations


You had 2 spell levels left.
You didn't know any spells.

Dungeon Overview and Level Annotations

Branches:
Dungeon (2/15)

Altars:


Innate Abilities, Weirdness & Mutations

You have a pair of small antennae on your head.
You regenerate a little health from kills.


Message History

You kill the worm!
Lugonu accepts your kill.
You hit the kobold but do no damage. The kobold hits you but does no damage.
You hit the kobold.
The kobold is heavily wounded.
The kobold misses you.
You closely miss the kobold.
The kobold is heavily wounded.
The kobold barely misses you.
You barely miss the kobold.
The kobold is moderately wounded.
The kobold barely misses you. The kobold hits you.
* * * LOW HITPOINT WARNING * * *
You barely miss the kobold.
The kobold is moderately wounded.
The kobold closely misses you.
You hit the kobold but do no damage.
The kobold is moderately wounded.
The kobold hits you.
You die...

. ###. ... ##
.###.###.
........# #....#
#.K###.# #.#@..#
#.##### #.# ##
#.# #.. #.## #.#
#..### #.#
#....# #.# #
#..#.# #.#.#
#..#.###.#.###.#


You could see a kobold.

Vanquished Creatures
  2 oozes (D:1)
  A worm (D:2)
  A dart slug (D:1)
  A leopard gecko (D:1)
  4 bats
  4 hobgoblins
  3 jackals (D:1)
  3 frilled lizards (D:1)
  7 kobolds
  4 rats (D:1)
30 creatures vanquished.

Notes
Turn   | Place    | Note
-------+----------+-------------------------------------------
     0 | Abyss:1  | goulibeur the Demonspawn Abyssal Knight began the quest for the Orb.
     0 | Abyss:1  | Reached XP level 1. HP: 18/18 MP: 2/2
    54 | Abyss:1  | Noticed a large abomination
    55 | D:1      | Escaped the Abyss
   100 | D:1      | Reached skill level 1 in Dodging
   110 | D:1      | Reached * piety under Lugonu
   194 | D:1      | Gained mutation: You have a pair of small antennae on your head. [demonic ancestry]
   194 | D:1      | Reached XP level 2. HP: 24/24 MP: 4/4
   427 | D:1      | Gained mutation: You regenerate a little health from kills. [demonic ancestry]
   427 | D:1      | Reached XP level 3. HP: 24/29 MP: 5/5
   801 | D:2      | Slain by a kobold

Skill      XL: |  1  2 |
---------------+-------+-----
Dodging        | 1 |  1.4
Invocations    | 3 |  3.7
Armour         | 2 |  2.2
Fighting       | |  3.3
Short Blades   | |  1.7

Action                   || total
-------------------------++-------
Melee: Short sword       ||   108
Invok: Depart the Abyss  ||     1
Armor: Leather armour    ||     7
       Ring mail         ||    34
Dodge: Dodged            ||    51
Block: Buckler           ||     4
